 Dungeon Crawl Stone Soup version 0.24.0-123-gd5b16e6ec5 (webtiles) character file.

Game seed: 418699907384185201, levelgen mode: deterministic

10637 vurker the Zephyrmancer (level 11, -4/66 HPs)
             Began as a Tengu Air Elementalist on Dec 30, 2019.
             Was a Priest of Vehumet.
             Engulfed by a fire crab (shapeshifter)'s flame (25 damage)
             ... on level 10 of the Dungeon.
             The game lasted 00:21:28 (15222 turns).

vurker the Zephyrmancer (Tengu Air Elementalist)   Turns: 15222, Time: 00:21:29

Health: -4/66      AC:  3    Str:  8    XL:     11   Next: 65%
Magic:  11/34      EV: 20    Int: 18    God:    Vehumet [***...]
Gold:   560        SH: 12    Dex: 16    Spells: 18/28 levels left

rFire    . . .     SeeInvis .   i - +2 dagger (venom)
rCold    . . .     Gourm    .   s - +3 buckler
rNeg     . . .     Faith    .   a - +0 robe
rPois    .         Spirit   .   (helmet restricted)
rElec    .         Reflect  +   h - +0 cloak
rCorr    .         Harm     .   (no gloves)
MR       .....                  (boots unavailable)
Stlth    ++........             d - +4 amulet of reflection
HPRegen  0.21/turn              p - ring of magical power
MPRegen  0.24/turn              r - +5 ring of evasion

@: flying quickly and evasively, quick
A: beak, talons 3, able to fly
a: Stop Flying, Renounce Religion


You were on level 10 of the Dungeon.
You worshipped Vehumet.
Vehumet was most pleased with you.
You were hungry.

You visited 2 branches of the dungeon, and saw 11 of its levels.

You collected 560 gold pieces.

Inventory:

Hand Weapons
 i - a +2 dagger of venom (weapon)
   (You took it off an orc wizard on level 4 of the Dungeon)
Armour
 a - a +0 robe (worn)
 h - a +0 cloak (worn)
   (You found it on level 3 of the Dungeon)
 s - a +3 buckler (worn)
   (You found it on level 4 of the Dungeon)
Jewellery
 d - a +4 amulet of reflection (around neck)
   (You found it on level 1 of the Dungeon)
 p - a ring of magical power (left hand)
   (You found it on level 5 of the Dungeon)
 r - a +5 ring of evasion (right hand)
   (You found it on level 5 of the Dungeon)
 t - an uncursed ring of protection from magic
   (You found it on level 6 of the Dungeon)
 w - an uncursed ring of poison resistance
   (You found it on level 6 of the Dungeon)
Wands
 u - a wand of paralysis (10)
   (You took it off an orc on level 5 of the Dungeon)
 v - a wand of digging (11)
   (You found it on level 7 of the Dungeon)
 C - a wand of polymorph (9)
   (You found it on level 10 of the Dungeon)
Scrolls
 c - 2 scrolls of teleportation
 g - 3 scrolls of remove curse
 j - 3 scrolls of immolation
 l - a scroll of enchant armour
 m - 2 scrolls of fear
 q - a scroll of enchant weapon
 y - 2 scrolls of fog
 z - 2 scrolls of identify
 D - a scroll of blinking {unknown}
Potions
 b - 5 potions of mutation
 f - 7 potions of curing
 k - 3 potions of brilliance
 n - 2 potions of ambrosia
 o - 2 potions of heal wounds
 x - a potion of cancellation
 A - 2 potions of invisibility
Comestibles
 e - 12 rations


   Skills:
 + Level 6.5 Fighting
 - Level 2.1 Dodging
 - Level 2.0 Stealth
 - Level 4.0 Shields
 * Level 9.0 Spellcasting
 * Level 12.0 Conjurations
 * Level 12.5 Air Magic


You had 18 spell levels left.
You knew the following spells:

 Your Spells              Type           Power        Failure   Level  Hunger
a - Shock                 Conj/Air       ####         1%          1    None
b - Lightning Bolt        Conj/Air       ######....   1%          5    #####..
c - Airstrike             Air            ######....   1%          4    ###....

Your spell library contained the following spells:

 Spells                   Type           Power        Failure   Level  Hunger
 Throw Icicle             Conj/Ice       ####....     2%          4    ###....
 Magic Dart               Conj           ####         1%          1    None
 Searing Ray              Conj           ######       1%          2    None
 Swiftness                Chrm/Air       ####....     1%          2    None
 Dazzling Spray           Conj/Hex       ####..       1%          3    None
 Static Discharge         Conj/Air       ######..     1%          3    None
 Iskenderun's Mystic Bla  Conj           ######..     1%          4    ###....
 Force Lance              Conj/Tloc      ####....     2%          4    ###....
 Fulminant Prism          Conj/Hex       ####......   2%          4    ###....


Dungeon Overview and Level Annotations

Branches:
Dungeon (10/15)            Temple (1/1) D:5            Lair (0/6) D:9
    Orc: D:9-12

Altars:
Ashenzari
Cheibriados
Dithmenos
Elyvilon
Hepliaklqana
Kikubaaqudgha
Makhleb
Okawaru
Qazlal
Ru
Sif Muna
Trog
Vehumet
Xom
The Shining One

Shops:
D:4 %

Annotations:
D:7 Pikel


Innate Abilities, Weirdness & Mutations

You have a beak for a mouth.
You have claws for feet.
You can fly continuously.


Message History

Aim: a fire crab (lightly wounded)
The air twists around and strikes the fire crab.
The fire crab breathes flames at you. The blast of flame engulfs you.
You are engulfed in blazing flames.
Aim: a fire crab (lightly wounded)
The air twists around and strikes the fire crab.
Aim: a fire crab (moderately wounded)
The zap misses the fire crab.
Aim: a fire crab (moderately wounded, chance to defeat MR: 28%)
Okay, then.
As you read the scroll of fear, it crumbles to dust.
You assume a fearsome visage.
The fire crab looks frightened!
There is a stone staircase leading up, spattered with blood here.
You see here an arrow.
You fly upwards.
There is a stone staircase leading down here.
You start resting.
You start resting.
You fly downwards.
There is a stone staircase leading up, spattered with blood here.
You see here an arrow.
The fire crab is too close now for your liking.
Aim: a fire crab (hasn't noticed you)
The air twists around and strikes the fire crab.
You are feeling hungry.
Aim: a fire crab (lightly wounded)
The air twists around and strikes the fire crab!
Aim: a fire crab (moderately wounded)
The air twists around and strikes the fire crab!
The fire crab breathes flames at you. The blast of flame misses you.
Aim: a fire crab (flame, heavily wounded)
The air twists around and strikes the fire crab!
You are engulfed in blazing flames.
The fire crab breathes flames at you. The blast of flame misses you.
Aim: a fire crab (flame, severely wounded)
The air twists around and strikes the fire crab!
You are engulfed in blazing flames.
The fire crab breathes flames at you. The blast of flame misses you.
Aim: a fire crab (severely wounded)
The air twists around and strikes the fire crab.
You are engulfed in blazing flames.
* * * LOW HITPOINT WARNING * * *
You block the fire crab's attack. The fire crab misses you.
You hit the fire crab but do no damage.
The fire crab is poisoned.
You are engulfed in blazing flames.
You die...

#############.#..#..#
..............#..#).#
..............#######
#.##############..# #.# #..# #.#
#..#
#.##############..##########
.).....((<..................
................@t..########
.(###############...# ..# #...#
..###############...# ..#
....................#########..#
...............................#
...............#########..####.#
.###########..t# #.........##.#
.# #...# #.#######.##.#


You could see a fire crab.

Vanquished Creatures
  A centaur warrior (D:10)
  Erica (D:8)
  2 two-headed ogres
  An unseen horror (D:8)
  Maurice (D:10)
  2 trolls (D:10)
  A hornet (D:8)
  A hippogriff (D:8)
  Prince Ribbit (D:7)
  A vampire (D:9)
  Eustachio (D:6)
  4 hogs (D:10)
  2 wyverns
  Sigmund (D:5)
  A human (D:10)
  Grum (D:8)
  A vampire mosquito (D:8)
  Edmund (D:6)
  A water moccasin (D:6)
  4 orc warriors
  2 slaves (D:7)
  A phantom (D:8)
  2 wolves (D:8)
  An ogre (D:9)
  A crocodile (D:9)
  2 centaurs
  A big kobold (D:8)
  7 bullfrogs
  2 scorpions
  4 killer bees
  An electric eel (D:7)
  10 wights
  9 howler monkeys
  2 bullfrog zombies (D:10)
  3 centaur zombies
  5 crimson imps
  3 jellies
  5 orc priests
  3 centaur skeletons
  4 hounds
  A bullfrog skeleton (D:4)
  3 iguanas
  12 orc wizards
  12 worker ants
  A killer bee zombie (D:9)
  2 hound skeletons (D:5)
  A hound zombie (D:8)
  A howler monkey zombie (D:6)
  Robin (D:4)
  4 adders
  An ooze (D:1)
  An adder skeleton (D:4)
  An adder zombie (D:10)
  A worm (D:3)
  4 dart slugs
  8 leopard geckos
  38 orcs
  5 bats
  5 giant cockroaches
  16 goblins
  11 hobgoblins
  21 jackals
  7 kobolds
  A quokka (D:3)
  A ball python (D:2)
  4 frilled lizards
  A jackal skeleton (D:4)
  2 leopard gecko skeletons (D:4)
  A quokka skeleton (D:5)
  5 rats
269 creatures vanquished.

Vanquished Creatures (others)
  A centaur (D:10)
1 creature vanquished.

Grand Total: 270 creatures vanquished

Notes
Turn   | Place    | Note
-------+----------+-------------------------------------------
     0 | D:1      | vurker the Tengu Air Elementalist began the quest for the
                  | Orb.
     0 | D:1      | Reached XP level 1. HP: 10/10 MP: 4/4
   401 | D:1      | Reached XP level 2. HP: 15/15 MP: 3/6
   893 | D:1      | Reached XP level 3. HP: 9/20 MP: 0/7
  1166 | D:1      | Found a shimmering altar of Xom.
  1638 | D:2      | Found a white marble altar of Elyvilon.
  2831 | D:3      | Noticed a wyvern
  2839 | D:3      | Reached XP level 4. HP: 24/24 MP: 4/8
  2850 | D:3      | Learned a level 4 spell: Airstrike
  2916 | D:3      | Reached skill level 1 in Fighting
  2969 | D:3      | You fall into a shaft and drop 2 floors!
  2969 | D:5      | Entered Level 5 of the Dungeon
  2981 | D:5      | Reached skill level 5 in Air Magic
  3290 | D:4      | Gained mutation: You can fly continuously. [Tengu growth]
  3290 | D:4      | Reached XP level 5. HP: 29/29 MP: 6/10
  3517 | D:4      | Reached XP level 6. HP: 33/35 MP: 4/12
  3914 | D:3      | Learned a level 5 spell: Lightning Bolt
  4315 | D:3      | HP: 1/35 [wyvern (1)]
  4316 | D:3      | Killed a wyvern
  4316 | D:3      | Reached skill level 1 in Shields
  4887 | D:4      | Reached XP level 7. HP: 40/40 MP: 8/13
  4933 | D:4      | Reached skill level 5 in Conjurations
  5475 | D:4      | Found Itassoso's Food Boutique.
  6094 | D:4      | Noticed Robin
  6098 | D:4      | Killed Robin
  6739 | D:5      | Reached XP level 8. HP: 45/45 MP: 10/15
  6909 | D:5      | Noticed Sigmund
  6911 | D:5      | Paralysed by an orc for 6 turns
  6933 | D:5      | Killed Sigmund
  7162 | D:5      | Found a staircase to the Ecumenical Temple.
  7168 | Temple   | Entered the Ecumenical Temple
  7286 | Temple   | Became a worshipper of Vehumet
  7914 | D:6      | Noticed Edmund
  7919 | D:6      | Killed Edmund
  7919 | D:6      | Reached skill level 5 in Spellcasting
  8402 | D:6      | Found a hazy altar of Hepliaklqana.
  8455 | D:6      | Noticed Eustachio
  8463 | D:6      | Killed Eustachio
  8463 | D:6      | Reached XP level 9. HP: 52/52 MP: 7/18
  8891 | D:7      | Noticed Pikel
  9144 | D:7      | Reached * piety under Vehumet
  9144 | D:7      | Offered knowledge of Flame Tongue by Vehumet.
  9732 | D:7      | Noticed Prince Ribbit
  9751 | D:7      | Killed Prince Ribbit
 10678 | D:8      | Noticed Grum
 10693 | D:8      | Killed Grum
 11096 | D:8      | Noticed Erica
 11107 | D:8      | Killed Erica
 11107 | D:8      | Reached skill level 10 in Air Magic
 11107 | D:8      | Reached XP level 10. HP: 35/58 MP: 3/21
 11263 | D:8      | Reached skill level 5 in Fighting
 11278 | D:8      | Killed an unseen horror
 11278 | D:8      | Reached skill level 10 in Conjurations
 12256 | D:9      | Offered knowledge of Sandblast by Vehumet.
 12261 | D:8      | Reached ** piety under Vehumet
 12573 | D:9      | Noticed a two-headed ogre
 12580 | D:9      | Killed a two-headed ogre
 13036 | D:9      | Reached XP level 11. HP: 64/64 MP: 24/24
 13324 | D:9      | Offered knowledge of Mephitic Cloud by Vehumet.
 13470 | D:9      | Found a staircase to the Lair.
 13879 | D:10     | Entered Level 10 of the Dungeon
 13883 | D:10     | Noticed Maurice
 13885 | D:10     | Paralysed by Maurice for 3 turns
 14334 | D:10     | Reached *** piety under Vehumet
 14346 | D:10     | Killed Maurice
 14803 | D:10     | Noticed a centaur warrior
 14804 | D:10     | Noticed a two-headed ogre
 14839 | D:10     | Killed a two-headed ogre
 14906 | D:10     | Killed a centaur warrior
 15032 | D:10     | Offered knowledge of Throw Icicle by Vehumet.
 15071 | D:10     | Noticed a fire crab
 15222 | D:10     | Engulfed by a fire crab (shapeshifter)'s flame

Levels and vault maps discovered:
D:1:      sevenhm_arrival_forest_fort_large_2, layout_basic, xom_teletrap_fun
D:2:      layout_basic, chequers_avenue, elyvilon_altar_5
D:3:      layout_loops_ring, kennysheep_pointless_box
D:4:      kennysheep_goblin_castle, layout_basic, first_ration, serial_shops,
          shop, minmay_a_box_with_orc_wizards_in_it
D:5:      layout_basic, minmay_temple_entry_hall, uniq_sigmund
D:6:      layout_loops_cross, lemuel_round_altar, uniq_edmund, uniq_eustachio
D:7:      layout_basic, minivault_4, uniq_prince_ribbit1, uniq_pikel
D:8:      minmay_cornered_nines, layout_cave_pods, uniq_grum, uniq_erica
D:9:      layout_small_grid, lair_entry_dummy
D:10:     layout_long_grid, grunt_livestock, grunt_tough_drop, uniq_maurice
Temple:   roderic_octagonal_lattice_temple

Skill      XL: |  1  2  3  4  5  6  7  8  9 10 11 |
---------------+----------------------------------+-----
Conjurations   | 2 3 4 5 7 9 10 12 | 12.0
Fighting       | 1 2 3 4 5 6 |  6.5
Air Magic      | 5 6 7 8 10 11 12 | 12.5
Spellcasting   | 3 4 5 7 8 9 |  9.0
Shields        | 1 2 3 4 |  4.0
Dodging        | |  2.1
Stealth        | |  2.0

Action                   |  1- 3 |  4- 6 |  7- 9 | 10-12 || total
-------------------------+-------+-------+-------+-------++-------
Melee: Unarmed           |    18 |       |       |       ||    18
       Peck              |     4 |       |     2 |     3 ||     9
       Kick              |     4 |     2 |       |     5 ||    11
       Dagger            |     1 |     4 |     9 |    15 ||    29
 Cast: Shock             |    84 |    84 |   265 |   123 ||   556
       Airstrike         |       |     2 |    59 |   119 ||   180
 Abil: Fly               |       |       |     1 |       ||     1
  Use: Scroll            |       |     5 |    16 |     2 ||    23
  Eat: Chunk             |     7 |     4 |    26 |    10 ||    47
       Ration            |       |     1 |       |     4 ||     5
Armor: Robe              |     9 |     2 |     2 |     7 ||    20
Dodge: Dodged            |    20 |    15 |    65 |    72 ||   172
Block: Other             |     4 |     1 |     9 |       ||    14
       Buckler           |       |       |     3 |    67 ||    70
       Reflection        |       |       |       |    10 ||    10
